 Dungeon Crawl Stone Soup version 0.24-a0-630-g0d56a85 (webtiles) character file.

Game seed: 3109002926263721123, levelgen mode: deterministic

9838 BoppinsLewinski the Grappler (level 11, -6/96 HPs)
             Began as a Troll Monk on Sept 18, 2019.
             Was an Elder of Hepliaklqana.
             Mangled by a seven-headed hydra (16 damage)
             ... on level 3 of the Lair of Beasts on Sept 19, 2019.
             The game lasted 00:25:26 (8601 turns).

BoppinsLewinski the Grappler (Troll Monk)           Turns: 8601, Time: 00:25:26

Health: -6/96      AC:  8    Str: 23    XL:     11   Next: 28%
Magic:  13/13      EV: 13    Int:  6    God:    Hepliaklqana [****..]
Gold:   702        SH:  0    Dex: 13    Spells: 10/10 levels left

rFire    . . .     SeeInvis .     - Unarmed
rCold    . . .     Gourm    +   (no shield)
rNeg     . . .     Faith    .   t - +2 robe {MR+}
rPois    .         Spirit   .   (helmet restricted)
rElec    .         Reflect  .   (no cloak)
rCorr    .         Harm     .   (gloves unavailable)
MR       +....                  (boots unavailable)
Stlth    ++........             (no amulet)
HPRegen  0.66/turn              (no ring)
MPRegen  0.13/turn              j - ring of flight

@: no status effects
A: large, unfitting armour, reduced essence, claws 3, fast metabolism 3,
gourmand, regeneration 1, shaggy fur 1, tough skin 3
a: Recall Ancestor, Ancestor Identity, Transference, Idealise, Renounce
Religion, Evoke Flight


You were on level 3 of the Lair of Beasts.
You worshipped Hepliaklqana.
Hepliaklqana was greatly pleased with you.
You were not hungry.

You visited 3 branches of the dungeon, and saw 12 of its levels.

You collected 702 gold pieces.

Inventory:

Armour
 a - a +0 robe
 t - a +2 robe of magic resistance (worn)
Jewellery
 j - a ring of flight (right claw)
Wands
 r - a wand of flame (18)
 u - a wand of clouds (5)
 v - a wand of disintegration (9)
 B - a wand of digging (5)
 C - a wand of acid (7)
Scrolls
 c - 4 scrolls of magic mapping {unknown}
 d - 5 scrolls of teleportation
 f - 3 scrolls of remove curse
 i - a scroll of summoning {unknown}
 k - 2 scrolls of fear {unknown}
 l - 3 scrolls of fog {unknown}
 n - a scroll of noise {unknown}
 p - a scroll of enchant armour {unknown}
 q - a scroll of acquirement {unknown}
 x - 2 scrolls of random uselessness {unknown}
 y - 2 scrolls of amnesia {unknown}
 z - a scroll of enchant weapon {unknown}
 D - a scroll of vulnerability {unknown}
 E - a scroll of identify
Potions
 e - a potion of degeneration
 g - 2 potions of curing
 h - a potion of brilliance
 m - 3 potions of heal wounds
 o - a potion of flight
 s - 2 potions of might
 w - a potion of haste
 A - a potion of ambrosia {unknown}
Comestibles
 b - 14 rations


   Skills:
 + Level 6.6 Fighting
 + Level 6.0 Armour
 + Level 6.5 Dodging
 - Level 1.0 Stealth
 * Level 10.6 Unarmed Combat
 + Level 4.6 Invocations
 + Level 3.8 Evocations


You had 10 spell levels left.
You didn't know any spells.
Your spell library was empty.

Dungeon Overview and Level Annotations

Branches:
Dungeon (8/15)             Temple (1/1) D:5            Lair (3/6) D:8
 Shoals (0/4) Lair:3       Spider (0/4) Lair:2

Altars:
Ashenzari
Cheibriados
Dithmenos
Elyvilon
Fedhas
Gozag
Hepliaklqana
Kikubaaqudgha
Makhleb
Nemelex Xobeh
Okawaru
Qazlal
Ru
Sif Muna
Trog
Uskayaw
Vehumet
Wu Jian
Xom
Yredelemnul
Zin
The Shining One

Shops:
D:5 %

Annotations:
Lair:2 exclusion: downstairs
Lair:3 Snorg


Innate Abilities, Weirdness & Mutations

You are too large for most types of armour.
You have claws for hands.
Your metabolism is lightning-fast.
You like to eat raw meat.
Your natural rate of healing is unusually fast.
You are covered in fur. (AC +1)
You have extremely tough skin. (AC +3)
Your life essence is reduced to manifest your ancestor. (-10% HP)


Message History

Tha sev'n-headed hydra bites ye!
* * * LOW HITPOINT WARNIN'
* * * Xelontaeus barely misses tha sev'n-headed hydra.
Unknown command.
Unknown command.
Unknown command.
Unknown command.
Unknown command.
Unknown command.
Unknown command.
Ye feel much better.
Tha sev'n-headed hydra bites ye but does nay damage.
Tha sev'n-headed hydra bites ye!
* * * LOW HITPOINT WARNIN'
* * * Tha sev'n-headed hydra bites ye.
* * * LOW HITPOINT WARNIN'
* * * Tha sev'n-headed hydra bites ye!
* * * LOW HITPOINT WARNIN'
* * * Tha sev'n-headed hydra bites ye!
Ye die...

#.)..#.....#.#.##
.#...........#....
##..........##...#
#.....#....^.#...#
.#...............#
##....##....##...# .
.#.....#....###.# ...
#.###.##.....PP.###.....
##.##+##........@D......
................R.......
........................
......................>.
.#.P.###....#..#........
####.# #....[###.###....
#..#.###....# #.# .?..
##...#P.....## ... ...
#.....P.....##.


You could see the friendly Xelontaeus the battlemage and a seven-headed hydra.

Vanquished Creatures
  A hydra (Lair:2)
  Erica (D:8)
  An oklob plant (Lair:1)
  2 spiny frogs
  A hippogriff (Lair:1)
  Eustachio (D:5)
  2 yaks (Lair:2)
  A hungry ghost (D:7)
  A porcupine (Lair:1)
  5 water moccasins
  2 sky beasts (D:5)
  An ice beast (D:8)
  3 ogres
  A necrophage (D:5)
  A black bear (D:5)
  2 centaurs
  2 crocodiles
  7 bullfrogs
  3 scorpions
  A bullfrog zombie (D:8)
  6 hounds
  2 orc priests (D:8)
  A centaur skeleton (D:5)
  A jelly (D:5)
  6 orc wizards
  2 bullfrog skeletons
  Ijyb (D:3)
  13 worker ants
  A hound zombie (D:6)
  A hound skeleton (D:4)
  A worker ant zombie (D:5)
  4 gnolls (D:5)
  A howler monkey skeleton (D:8)
  7 adders
  A shadow imp (D:7)
  An ooze (D:3)
  An adder skeleton (D:4)
  2 worms
  2 dart slugs (D:1)
  4 leopard geckos
  21 orcs
  3 giant cockroaches
  7 goblins
  3 hobgoblins
  5 jackals
  A quokka (D:7)
  6 bats
  2 frilled lizards
  A jackal skeleton (D:7)
  6 kobolds
  A quokka zombie (D:8)
  4 rats
157 creatures vanquished.

Vanquished Creatures (collateral kills)
  A hydra (Lair:2)
  A black mamba (Lair:2)
  4 yaks (Lair:2)
  7 water moccasins
  3 porcupines
  An orc warrior (D:8)
  A hornet zombie (D:6)
  2 phantoms
  A bullfrog (D:7)
  2 scorpions
  2 hounds
  A jelly (D:8)
  A bullfrog skeleton (D:7)
  An iguana (D:8)
  2 orc wizards (D:7)
  3 worker ants
  2 shadow imps (D:5)
  9 orcs
  3 giant cockroaches
  A quokka (D:7)
48 creatures vanquished.

Vanquished Creatures (others)
  A fungus (Lair:2)
  2 plants
3 creatures vanquished.

Grand Total: 208 creatures vanquished

Notes
Turn   | Place    | Note
-------+----------+-------------------------------------------
     0 | D:1      | BoppinsLewinski the Troll Monk began the quest for the Orb.
     0 | D:1      | Reached XP level 1. HP: 22/22 MP: 0/0
   163 | D:1      | Reached XP level 2. HP: 21/29 MP: 1/1
   618 | D:2      | Found a faded altar of an unknown god.
   699 | D:2      | Found a sparkling altar of Nemelex Xobeh.
   910 | D:2      | Reached XP level 3. HP: 36/36 MP: 2/2
  1423 | D:2      | Found a burning altar of Makhleb.
  1426 | D:2      | Reached skill level 1 in Armour
  1640 | D:3      | Reached XP level 4. HP: 44/44 MP: 3/3
  1705 | D:3      | Reached skill level 4 in Unarmed Combat
  1766 | D:3      | Noticed Ijyb
  1768 | D:3      | Paralysed by Ijyb for 2 turns
  1775 | D:3      | Killed Ijyb
  1885 | D:3      | Found a blossoming altar of Fedhas.
  1954 | D:3      | Reached XP level 5. HP: 53/53 MP: 4/4
  2283 | D:3      | Found an ornate altar of the Wu Jian Council.
  2509 | D:4      | Reached XP level 6. HP: 61/61 MP: 5/5
  2589 | D:4      | Reached skill level 5 in Unarmed Combat
  2756 | D:4      | HP: 3/61 [ogre/+0 giant spiked club (14)]
  3079 | D:5      | Entered Level 5 of the Dungeon
  3124 | D:5      | Reached XP level 7. HP: 62/67 MP: 6/6
  3409 | D:5      | Found a staircase to the Ecumenical Temple.
  3508 | D:5      | Noticed Eustachio
  3525 | D:5      | Killed Eustachio
  3525 | D:5      | Reached skill level 6 in Unarmed Combat
  3652 | D:5      | Reached XP level 8. HP: 60/77 MP: 7/7
  3813 | Temple   | Entered the Ecumenical Temple
  3862 | Temple   | Became a worshipper of Hepliaklqana the Forgotten
  3862 | Temple   | Reached * piety under Hepliaklqana
  3862 | Temple   | Reached ** piety under Hepliaklqana
  3863 | Temple   | Remembered your ancestor Xelontaeus as a battlemage
  3966 | D:5      | Found Aruyr's Food Shoppe.
  4011 | D:5      | Reached skill level 7 in Unarmed Combat
  4310 | D:5      | Found an opulent altar of Gozag.
  5220 | D:7      | Found a basalt altar of Yredelemnul.
  5273 | D:7      | Reached XP level 9. HP: 77/77 MP: 8/8
  5275 | D:7      | Reached skill level 5 in Fighting
  5275 | D:7      | Reached skill level 8 in Unarmed Combat
  5275 | D:7      | Reached skill level 1 in Invocations
  5283 | D:7      | Reached *** piety under Hepliaklqana
  5343 | D:7      | Reached skill level 5 in Dodging
  5358 | D:7      | Reached skill level 1 in Evocations
  5599 | D:7      | Found an ancient bone altar of Kikubaaqudgha.
  5740 | D:7      | Found a glowing golden altar of the Shining One.
  5895 | D:8      | Found an iron altar of Okawaru.
  5914 | D:8      | Found a staircase to the Lair.
  5946 | D:8      | Found a glowing silver altar of Zin.
  5994 | D:8      | Found a basalt altar of Yredelemnul.
  6078 | D:8      | Found a sacrificial altar of Ru.
  6078 | D:8      | Noticed Erica
  6090 | D:8      | Killed Erica
  6090 | D:8      | Reached skill level 9 in Unarmed Combat
  6170 | D:8      | Found a shadowy altar of Dithmenos.
  6183 | D:8      | Reached XP level 10. HP: 82/86 MP: 11/11
  6265 | D:8      | Reached skill level 5 in Armour
  6436 | D:8      | Found an iron altar of Okawaru.
  6486 | Lair:1   | Entered Level 1 of the Lair of Beasts
  6486 | Lair:1   | Noticed a spiny frog
  6495 | D:8      | Killed a spiny frog
  6656 | Lair:1   | Found a sacrificial altar of Ru.
  6657 | Lair:1   | Noticed an oklob plant
  6921 | Lair:1   | Reached **** piety under Hepliaklqana
  6926 | Lair:1   | Noticed a spiny frog
  6931 | Lair:1   | Killed a spiny frog
  7288 | Lair:1   | Killed an oklob plant
  7522 | Lair:2   | Reached skill level 10 in Unarmed Combat
  7560 | Lair:2   | Noticed an eight-headed hydra
  7566 | Lair:2   | Killed an eight-headed hydra
  7566 | Lair:2   | Reached XP level 11. HP: 95/95 MP: 13/13
  7853 | Lair:2   | Found a hole to the Spider Nest.
  8022 | Lair:2   | Noticed a four-headed hydra
  8028 | Lair:2   | Killed a four-headed hydra
  8498 | Lair:3   | Noticed Snorg
  8507 | Lair:2   | Upgraded the game from 0.24-a0-619-gb7544fd to
                  | 0.24-a0-630-g0d56a85
  8590 | Lair:3   | Found a staircase to the Shoals.
  8596 | Lair:3   | Noticed a seven-headed hydra
  8601 | Lair:3   | Mangled by a seven-headed hydra

Levels and vault maps discovered:
D:1:      eino_arrival_tree_alley, layout_basic
D:2:      layout_basic, nemelex_xobeh_ov_fountains_minmay,
          makhleb_blood_cavern_becter, chequers_ecumenical_altar_island,
          st_stairs_11
D:3:      layout_loops_ring, lemuel_coloured_pillars_altar, fedhas_altar_3,
          first_ration, uniq_ijyb
D:4:      layout_basic
D:5:      black_bear_nest_2, layout_gridville, grunt_gozag_breadcrumbs,
          minmay_temple_entry_tees, serial_shops,
          nicolae_shop_temple_entry_statues_fountains, st_stairs_9,
          uniq_eustachio
D:6:      layout_basic, bh_walls_and_bars
D:7:      layout_rooms, tso_oasis_becter, kennysheep_mini_moat, basic_altar
D:8:      layout_rooms, marbit_many_paths, grunt_temple_overflow_open,
          nicolae_ru_sacrificial_ziggurat, old_standard_altar, lair_entry_dummy,
          basic_altar, uniq_erica
Temple:   cyrus_temple_forest
Lair:1:   layout_cave_pods, lemuel_oklob_altar
Lair:2:   layout_loops_ring, nicolae_spider_entry_non_spiders
Lair:3:   layout_regular_city, shoals_dummy_entry, ebering_ghost_rock_garden,
          chequers_serial_rivers_large_a, minmay_hedge_maze,
          serial_bayou_shore_a, uniq_snorg

Skill      XL: |  1  2  3  4  5  6  7  8  9 10 11 |
---------------+----------------------------------+-----
Armour         | 1 2 3 4 5 6 |  6.0
Unarmed Combat | 4 5 6 7 9 10 | 10.6
Fighting       | 3 4 5 6 |  6.6
Dodging        | 3 4 5 6 |  6.5
Invocations    | 2 4 |  4.6
Evocations     | 2 3 |  3.8
Stealth        | |  1.0

Action                   |  1- 3 |  4- 6 |  7- 9 | 10-12 || total
-------------------------+-------+-------+-------+-------++-------
Melee: Unarmed           |    53 |   110 |   265 |   127 ||   555
       Punch             |       |     2 |     6 |     4 ||    12
Invok: Ancestor Life: Ba |       |       |     1 |       ||     1
       Ancestor Identity |       |       |     1 |       ||     1
Evoke: Wand              |       |     1 |     2 |    15 ||    18
  Use: Potion            |       |     5 |     1 |     1 ||     7
       Scroll            |       |       |     6 |     1 ||     7
 Stab: Sleeping          |     2 |     4 |     1 |     2 ||     9
       Distracted        |       |       |     1 |       ||     1
  Eat: Chunk             |    12 |    16 |    27 |    17 ||    72
       Ration            |     1 |       |       |     1 ||     2
Armor: Robe              |    14 |    34 |    89 |    36 ||   173
Dodge: Dodged            |    23 |    56 |   154 |    84 ||   317

Table legend:
 A = Non-vault XP
 B = Vault XP
 C = Vault XP percentage of total XP
 D = Non-vault monster count
 E = Vault monster count
 F = Vault count percentage of total count
                 A         B        C        D         E       F
            +---------+---------+-------+---------+---------+-------
      Total |   11806 |    2249 |  16.0 |     184 |      21 |  10.2
            +---------+---------+-------+---------+---------+-------
        D:1 |      17 |       0 |   0.0 |       9 |       0 |   0.0
        D:2 |      24 |      53 |  68.8 |       8 |       6 |  42.9
        D:3 |      96 |      36 |  27.3 |      20 |       1 |   4.8
        D:4 |     488 |       0 |   0.0 |      23 |       0 |   0.0
        D:5 |    1026 |     372 |  26.6 |      31 |       3 |   8.8
        D:6 |     269 |       0 |   0.0 |       7 |       0 |   0.0
        D:7 |    1112 |       0 |   0.0 |      25 |       0 |   0.0
        D:8 |    1892 |     952 |  33.5 |      29 |       2 |   6.5
     Temple |      43 |       0 |   0.0 |       2 |       0 |   0.0
     Lair:1 |    1961 |     557 |  22.1 |      11 |       1 |   8.3
     Lair:2 |    4380 |     279 |   6.0 |      15 |       8 |  34.8
     Lair:3 |     498 |       0 |   0.0 |       4 |       0 |   0.0
            +---------+---------+-------+---------+---------+-------
